[Event "Late-Titled-Tuesday-Blitz-May-14-2024"]
[Site "Chess.com"]
[Date "2024.05.14"]
[Round "11"]
[White "Flawless_Fighter"]
[Black "Kacparov"]
[Result "1/2-1/2"]
[WhiteElo "2704"]
[BlackElo "2912"]
[TimeControl "180+1"]
[EndTime "16:03:25 PDT"]
[Termination "Game drawn by repetition"]

1. e4 c5 2. Nf3 e6 3. c3 d5 4. exd5 Qxd5 5. d4 Nf6 6. Bd3 Nc6 7. O-O Be7 8. Re1 O-O 9. c4 Qd8 10. dxc5 Bxc5 11. Nc3 h6 12. h3 b6 13. Qe2 Bb7 14. Ne4 Nd4 15. Nxd4 Bxd4 16. Bf4 Nxe4 17. Bxe4 Bxe4 18. Qxe4 Bxb2 19. Rad1 Qc8 20. Rd3 Rd8 21. Rg3 Rd4 22. Rxg7+ Kxg7 23. Be5+ Kg8 24. Bxd4 Bxd4 25.
Qxd4 Qc5 26. Qe4 Rd8 27. Re3 Kf8 28. Rf3 Rd1+ 29. Kh2 Qd6+ 30. g3 f5 31. Qa8+ Kg7 32. Qxa7+ Kg6 33. Qa8 Rc1 34. Qg8+ Kf6 35. Qh8+ Kg6 36.
Qg8+ Kf6 37. Qh7 Qd1 38. Qxh6+ Ke7 39. Qg5+ Kf7 40. Qh5+ Kg7 41. Qg5+ Kf7 42. Qh5+ Kg7 43. Qg5+ Kf7 1/2-1/2

[Event "Late-Titled-Tuesday-Blitz-May-14-2024"]
[Site "Chess.com"]
[Date "2024.05.14"]
[Round "11"]
[White "Seppppppy"]
[Black "zverr1"]
[Result "0-1"]
[WhiteElo "2331"]
[BlackElo "2455"]
[TimeControl "180+1"]
[EndTime "16:03:25 PDT"]
[Termination "zverr1 won by resignation"]

1. d4 Nf6 2. c4 c5 3. d5 e6 4. Nc3 d6 5. e4 g6 6. Bg5 Bg7 7. f4 Qa5 8. e5 Ne4 9. Qd3 Nxg5 10. fxg5 Bxe5 11. Nf3 Bxc3+ 12. bxc3 e5 13. Qe3 Bf5 14.
Nxe5 O-O 15. Nf3 Nd7 16. Be2 Rfe8 17. Qd2 Ne5 18. O-O Nxf3+ 19. Bxf3 Re5 20. Rae1 Rae8 21. Rxe5 Rxe5 22. g4 Bd7 23. Re1 Rxe1+ 24. Qxe1 Kf8 25. Qg3 Ke7 26. Qe1+ Kd8 27. Qd2 Qb6 28. h4 Qb1+ 29.
Kg2 Kc7 30. h5 gxh5 31. gxh5 Qf5 32. Kg3 Qh3+ 33. Kf2 Qh4+ 34. Ke2 Qxc4+ 35. Kf2 Qh4+ 36. Ke2 Bb5+ 37. Kd1 Qh3 38. Qf4 Qd7 39. Bg4 Qe7 40.
Qf6 Qxf6 41. gxf6 h6 42. Be6 Be8 43. Bf5 Bd7 44. Ke2 Bxf5 0-1

[Event "Late-Titled-Tuesday-Blitz-May-14-2024"]
[Site "Chess.com"]
[Date "2024.05.14"]
[Round "11"]
[White "ChEsper99"]
[Black "KorolDimitriy75"]
[Result "0-1"]
[WhiteElo "2242"]
[BlackElo "2404"]
[TimeControl "180+1"]
[EndTime "16:03:26 PDT"]
[Termination "KorolDimitriy75 won by resignation"]

1. Nf3 c5 2. g3 g6 3. Bg2 Bg7 4. O-O Nc6 5. c4 Nh6 6. Nc3 Nf5 7. d3 h5 8. h4 a6 9. Rb1 Rb8 10. a3 b5 11. cxb5 axb5 12. Bd2 b4 13. axb4 Nxb4 14. Ne4 d6 15. Bc3 e5 16. e3 O-O 17. d4 Ba6 18. Re1 Bd3 19. Bxb4 Bxe4 20. Bc3 Bxb1 21. Qxb1 exd4 22. exd4 cxd4 23. Bd2 Qb6 24.
Bc1 Rfe8 25. Rd1 Qb3 26. Bf4 Qxb2 27. Qd3 Qe2 28. Bf1 Qxd3 29. Bxd3 Rb4 30. Bxf5 gxf5 31.
Bxd6 Rc4 32. Bf4 Rd8 33. Rd2 d3 34. Ne1 Rc1 35. Kf1 Bc3 0-1

[Event "Late-Titled-Tuesday-Blitz-May-14-2024"]
[Site "Chess.com"]
[Date "2024.05.14"]
[Round "11"]
[White "ImportedItalianMaple"]
[Black "1g60-1"]
[Result "1/2-1/2"]
[WhiteElo "2571"]
[BlackElo "2435"]
[TimeControl "180+1"]
[EndTime "16:03:27 PDT"]
[Termination "Game drawn by agreement"]

1. e4 e6 2. b3 d5 3. Bb2 dxe4 4. Nc3 Nf6 5. Qe2 Be7 6. O-O-O a5 7. Kb1 O-O 8. g4 a4 9. Nxa4 b5 10. Nc3 c6 11. Bg2 Qa5 12. a4 bxa4 13. Nxa4 Nbd7 14. Bc3 Bb4 15. Bxe4 Bxc3 16. dxc3 Nc5 17. Bxc6 Nxa4 18. Bxa4 Qxc3 19. Qf3 Nd5 20. Rxd5 Qxf3 21. Nxf3 exd5 22. h3 Be6 23. Nd4 Rfb8 24. Kc1 h6 25. Kd2 Rd8 26. f4 Bd7 27. Bxd7 Rxd7 28. Re1 Kf8 29. Re5 Re8 30.
Ke3 f6 31. Rxe8+ Kxe8 1/2-1/2

[Event "Late-Titled-Tuesday-Blitz-May-14-2024"]
[Site "Chess.com"]
[Date "2024.05.14"]
[Round "11"]
[White "munozmiguelangel1982"]
[Black "crazycheesecake"]
[Result "0-1"]
[WhiteElo "2206"]
[BlackElo "2153"]
[TimeControl "180+1"]
[EndTime "16:03:29 PDT"]
[Termination "crazycheesecake won by checkmate"]

1. e4 e5 2. Nf3 Nc6 3. Bc4 Nf6 4.
Ng5 d5 5. exd5 Na5 6. Bb5+ c6 7. dxc6 bxc6 8. Qf3 cxb5 9. Qxa8 Nd5 10. d3 Bc5 11. O-O O-O 12. a3 Qd7 13. b4 Bd4 14. c3 Bb7 15.
Qxf8+ Kxf8 16. cxd4 Nb3 17. Ra2 Nxd4 18. Be3 Qg4 19. Bxd4 exd4 20. Ne4 Nf4 21. f3 Qg6 22. Rd2 Nd5 23. Rff2 Ne3 24. Ra2 Bd5 25. Ra1 f5 26.
Ng3 h5 27. a4 h4 28. Nf1 h3 29. Ng3 Nxg2 30. axb5 f4 31. Ne4 Ne1+ 32. Kf1 Nxd3 33. Rd2 Bxe4 34. fxe4 Qxe4 35. Re2 Qh1# 0-1

[Event "Late-Titled-Tuesday-Blitz-May-14-2024"]
[Site "Chess.com"]
[Date "2024.05.14"]
[Round "11"]
[White "artin10862"]
[Black "ameetghasi100"]
[Result "1-0"]
[WhiteElo "2903"]
[BlackElo "2792"]
[TimeControl "180+1"]
[EndTime "16:03:34 PDT"]
[Termination "artin10862 won on time"]

1. e4 g6 2. d4 d6 3. Nc3 c6 4. Be3 Nd7 5. a4 Ngf6 6. f3 e5 7. Nge2 Bg7 8. dxe5 dxe5 9. g4 O-O 10. Ng3 Qe7 11. h4 Rd8 12. h5 Nf8 13. Qc1 Ne6 14. Bc4 Nd4 15. Kf2 Be6 16. Bxe6 Qxe6 17. Bh6 Nxg4+ 18.
fxg4 Qxg4 19. Nce2 Qf3+ 20. Kg1 Nxe2+ 21. Nxe2 Qxe2 22.
hxg6 fxg6 23. Qg5 Rf8 24. Rh2 Bxh6 25. Qxh6 Qg4+ 26. Rg2 Qxe4 27. Rh2 Qd4+ 28. Kh1 Qe4+ 29.
Kg1 Rf7 30. Rg2 Raf8 31. Ra3 Rf1+ 32. Kh2 R8f6 33. Rd3 Qf4+ 34. Qxf4 R1xf4 35. b3 Kg7 36. Re2 Rf2+ 37. Rxf2 Rxf2+ 38. Kg3 Rxc2 39. Rd7+ Kh6 40. Rxb7 Rc3+ 41. Kg4 e4 42. b4 Rc4 43. a5 Rd4 44. Kf4 Rc4 45. a6 g5+ 46. Kf5 Rxb4 47.
Rxb4 1-0

[Event "Late-Titled-Tuesday-Blitz-May-14-2024"]
[Site "Chess.com"]
[Date "2024.05.14"]
[Round "11"]
[White "lilylg"]
[Black "PapaieDudu"]
[Result "0-1"]
[WhiteElo "2202"]
[BlackElo "2352"]
[TimeControl "180+1"]
[EndTime "16:03:34 PDT"]
[Termination "PapaieDudu won on time"]

1. d4 d5 2. c4 e6 3. Nf3 Nf6 4. g3 Be7 5. Bg2 O-O 6. O-O dxc4 7. Ne5 c5 8. dxc5 Qc7 9. Nxc4 Qxc5 10. b3 Rd8 11.
Qe1 Nc6 12. Nbd2 Nd4 13. Ba3 Qc7 14. Bxe7 Qxe7 15. Rc1 e5 16. e3 Nc6 17. Qe2 Bg4 18. f3 Bf5 19. e4 Nd4 20. Qf2 Bd7 21. Rfd1 Bb5 22. Nf1 Rac8 23. Nfe3 g6 24. Bh3 Rc7 25. Rc3 Ba6 26. Rcd3 Kg7 27. Bg2 b5 28. Nb2 Rcd7 29. Nd5 Nxd5 30. exd5 Rxd5 31. f4 e4 32. Rxd4 Rxd4 33.
Rxd4 e3 34. Qc2 Rxd4 35. Qc3 Qb4 36. Qxe3 Qd2 37. Qe5+ Kf8 38. Qh8+ Ke7 39. Qe5+ Kd7 40. Bh3+ f5 41. Bxf5+ gxf5 42. Qxf5+ Kd6 43. Qe5+ Kc6 44.
Qe6+ Rd6 45. Qe8+ Kb6 46. Qb8+ Bb7 0-1

[Event "Late-Titled-Tuesday-Blitz-May-14-2024"]
[Site "Chess.com"]
[Date "2024.05.14"]
[Round "11"]
[White "nitpicker"]
[Black "Veleamater"]
[Result "0-1"]
[WhiteElo "2306"]
[BlackElo "2441"]
[TimeControl "180+1"]
[EndTime "16:03:37 PDT"]
[Termination "Veleamater won by resignation"]

1. d4 Nf6 2. c4 g6 3. Nc3 Bg7 4. e4 O-O 5. Be2 d6 6. Nf3 e5 7. O-O Nc6 8. d5 Ne7 9. a4 a5 10. Ne1 Ne8 11. Nd3 c5 12. dxc6 bxc6 13. Be3 Be6 14.
b3 d5 15. cxd5 cxd5 16. Bc5 d4 17. Nb5 Rc8 18. Rc1 f5 19. f3 fxe4 20. fxe4 Rxf1+ 21. Bxf1 Nc6 22. Ba3 Qh4 23. Nc5 Bg4 24. Qe1 Qxe1 25. Rxe1 Nb4 26. Bxb4 axb4 27. Na6 Bh6 28. Bc4+ Kg7 29.
Nxb4 Bd2 30. Nd3 Bxe1 31. Nxe1 Bd7 32. Na3 Nd6 33. Nd3 Nxc4 34. Nxc4 Bxa4 35. Nb6 Rc3 36.
Nxe5 Bxb3 37. Kf2 Rc2+ 38. Kf3 Be6 39. Nd5 Bxd5 40. exd5 Kf6 41. Ng4+ Kf5 42. Nf2 Ke5 43. Nd3+ Kd6 44. h4 Rd2 45. Ke4 Rxg2 46. Ne5 Re2+ 0-1

[Event "Late-Titled-Tuesday-Blitz-May-14-2024"]
[Site "Chess.com"]
[Date "2024.05.14"]
[Round "11"]
[White "jinxy2009"]
[Black "Godzillator"]
[Result "0-1"]
[WhiteElo "2297"]
[BlackElo "2423"]
[TimeControl "180+1"]
[EndTime "16:03:39 PDT"]
[Termination "Godzillator won by checkmate"]

1. e4 d5 2. exd5 Qxd5 3. Nc3 Qd8 4. d4 c6 5. Nf3 Nf6 6. Bf4 Bg4 7. h3 Bxf3 8. Qxf3 Qxd4 9. Bd3 e5 10. Bg3 Bb4 11. O-O-O Bxc3 12. bxc3 Qxc3 13. Bxe5 Qa3+ 14. Bb2 Qxa2 15.
Rhe1+ Kf8 16. Bxf6 gxf6 17. Qxf6 Qa3+ 18. Kd2 Rg8 19.
Qd8+ Kg7 20. Qg5+ Kf8 21. Qh6+ Rg7 22. Re4 Nd7 23. Rg4 Qa5+ 24. c3 Qe5 25. Rxg7 Qxg7 26.
Qd6+ Kg8 27. Qxd7 Qxg2 28. Qf5 Rd8 29. Qxh7+ Kf8 30. Qh8+ Ke7 31. Qe5+ Kf8 32. Qf6 Rd5 33. Re1 Qxh3 34. Re3 Qh7 35. Kc2 Qh5 36. Bc4 Qd1+ 37. Kb2 Rd2+ 38. Ka3 Qa1+ 39. Kb4 Qb2+ 40. Kc5 Qb6# 0-1

[Event "Late-Titled-Tuesday-Blitz-May-14-2024"]
[Site "Chess.com"]
[Date "2024.05.14"]
[Round "11"]
[White "Zhigalko_Sergei"]
[Black "KuzubovYuriy"]
[Result "1-0"]
[WhiteElo "2844"]
[BlackElo "2926"]
[TimeControl "180+1"]
[EndTime "16:03:40 PDT"]
[Termination "Zhigalko_Sergei won by resignation"]

1. e4 c5 2. Nf3 Nc6 3. c3 Nf6 4. e5 Nd5 5. Bc4 Nb6 6. Bb3 d5 7. exd6 Qxd6 8. O-O Bf5 9. d4 cxd4 10. Nxd4 Nxd4 11. cxd4 e6 12. Nc3 Be7 13. Qf3 O-O 14. d5 Rad8 15. Be3 Bf6 16. Rad1 Qb8 17. h3 Kh8 18.
Rfe1 Bg6 19. dxe6 fxe6 20. Rxd8 Rxd8 21. Bxe6 Bxc3 22. bxc3 Qe5 23. Bb3 Qxc3 24. Rc1 Qa5 25. Qxb7 Nd5 26. Bg5 Nf6 27. Bxf6 gxf6 28. Qe7 Qb6 29.
Rc7 Rd1+ 30. Bxd1 1-0

[Event "Late-Titled-Tuesday-Blitz-May-14-2024"]
[Site "Chess.com"]
[Date "2024.05.14"]
[Round "11"]
[White "Dexter_Dyke"]
[Black "Evgeny81"]
[Result "0-1"]
[WhiteElo "2596"]
[BlackElo "2769"]
[TimeControl "180+1"]
[EndTime "16:03:40 PDT"]
[Termination "Evgeny81 won by resignation"]

1. e4 d6 2. d4 Nf6 3. Nc3 g6 4. f3 Bg7 5. Be3 c6 6. Qd2 b5 7. h4 h5 8. O-O-O Qa5 9. Kb1 Nbd7 10. Nh3 Nb6 11. Ng5 b4 12. Ne2 Nc4 13. Qc1 Rb8 14.
Nf4 Nxe3 15. Qxe3 O-O 16. g4 hxg4 17. h5 Qxg5 18. hxg6 e5 19. dxe5 dxe5 20. Qxa7 Rb7 21. gxf7+ Rbxf7 22. Qc5 Qxf4 23. Bc4 gxf3 24. Rdg1 Bg4 25.
Rh4 f2 26. Rgh1 Nxe4 27. Bxf7+ Kxf7 28. Qc4+ Kg6 29. Qxc6+ Kg5 30. a4 f1=Q+ 31. Rxf1 Qxf1+ 32. Ka2 Qf7+ 33. b3 Nc3+ 34. Kb2 Kxh4 35. Qh1+ Kg5 36. Qc1+ Qf4 37. Qg1 Qd4 38. Qc1+ Kg6 0-1

[Event "Late-Titled-Tuesday-Blitz-May-14-2024"]
[Site "Chess.com"]
[Date "2024.05.14"]
[Round "11"]
[White "lluiss"]
[Black "katharinareinecke"]
[Result "1-0"]
[WhiteElo "2236"]
[BlackElo "1931"]
[TimeControl "180+1"]
[EndTime "16:03:41 PDT"]
[Termination "lluiss won by resignation"]

1. Nf3 d5 2. d4 Nf6 3. c4 c6 4. cxd5 cxd5 5. Nc3 e6 6. Bf4 a6 7. e3 Bd6 8. Bxd6 Qxd6 9. Bd3 O-O 10. O-O b5 11. Qe2 Bb7 12. Rfc1 Ne4 13. Ne5 Nd7 14. f4 f5 15. Nxd7 Qxd7 16. Bxe4 dxe4 17. Qd2 Bd5 18. Nxd5 Qxd5 19. Rc5 Qd7 20. Rac1 Rfc8 21. Qa5 Rxc5 22.
Rxc5 Rc8 23. Qc3 Rxc5 24. Qxc5 Kf7 25. h3 a5 26. Qb6 a4 27. Qc5 h6 28. Kf2 Kg6 29. g4 Kf6 30. gxf5 exf5 31. Qe5+ Kf7 32. d5 g5 33. Kg3 gxf4+ 34. Kxf4 Kg6 35. d6 h5 36. h4 Kh6 37. a3 Kg6 38. Qe7 Kh6 39. Qxd7 1-0

[Event "Late-Titled-Tuesday-Blitz-May-14-2024"]
[Site "Chess.com"]
[Date "2024.05.14"]
[Round "11"]
[White "Cherepov_Alexej"]
[Black "manitodeplomo"]
[Result "1-0"]
[WhiteElo "2442"]
[BlackElo "2549"]
[TimeControl "180+1"]
[EndTime "16:03:43 PDT"]
[Termination "Cherepov_Alexej won by resignation"]

1. d4 c5 2. d5 g6 3. h4 h6 4. h5 g5 5. e4 d6 6. f4 gxf4 7. Bxf4 Bg7 8. Nc3 Nf6 9. Nf3 Bg4 10. Qd2 Nxh5 11. O-O-O Nd7 12. Rh4 Bxf3 13. gxf3 Nxf4 14. Rxf4 a6 15. Rg4 Bf6 16. f4 Qa5 17. e5 dxe5 18.
d6 e6 19. Kb1 O-O-O 20. fxe5 Nxe5 21. Ra4 Qb6 22. Bg2 Bg5 23. Qe2 f6 24. Ne4 c4 25. a3 Qe3 26. Rxc4+ Kb8 27. Qxe3 Bxe3 28. Rc7 Rd7 29. Nxf6 Rxc7 30. dxc7+ Kxc7 31. Re1 Bf4 32. Nh5 Ng6 33. Rxe6 Rg8 34. Nf6 Nf8 35. Re7+ Kd6 36. Nxg8 1-0

[Event "Late-Titled-Tuesday-Blitz-May-14-2024"]
[Site "Chess.com"]
[Date "2024.05.14"]
[Round "11"]
[White "Javadovvv"]
[Black "azikom"]
[Result "0-1"]
[WhiteElo "2583"]
[BlackElo "2704"]
[TimeControl "180+1"]
[EndTime "16:03:44 PDT"]
[Termination "azikom won by resignation"]

1. d4 Nf6 2. Nf3 c5 3. c3 Qb6 4. Qb3 d6 5. Bf4 Nbd7 6. e3 g6 7. h3 Bg7 8. Be2 O-O 9. O-O Qc7 10. Nbd2 b6 11. Rfe1 Bb7 12. Bh2 Bc6 13. a4 a6 14.
Qc2 Qb7 15. Bd3 Rac8 16. Qd1 Ne4 17. Nxe4 Bxe4 18. Bxe4 Qxe4 19. Nd2 Qb7 20. Qf3 Rc7 21. g4 Rb8 22. Kg2 h6 23. h4 b5 24. axb5 axb5 25.
g5 h5 26. Ra2 b4 27. Rea1 Nb6 28. Qxb7 Rbxb7 29. Ne4 cxd4 30. cxd4 Rc2 31. b3 Rxa2 32. Rxa2 Nd5 33. Ra8+ Kh7 34. Nd2 f6 35. Nc4 fxg5 36. hxg5 Nc3 37. Bg3 Ne4 38. Bh2 Nxg5 39. Ra4 Ne4 40.
Na5 Ra7 41. Ra1 g5 42. Kf3 Nc3 43. e4 Bxd4 0-1

[Event "Late-Titled-Tuesday-Blitz-May-14-2024"]
[Site "Chess.com"]
[Date "2024.05.14"]
[Round "11"]
[White "Duhless"]
[Black "Hikaru"]
[Result "0-1"]
[WhiteElo "3125"]
[BlackElo "3240"]
[TimeControl "180+1"]
[EndTime "16:03:45 PDT"]
[Termination "Hikaru won by resignation"]

1. d4 Nf6 2. Nf3 d5 3. c4 c5 4. cxd5 cxd4 5. Qxd4 Qxd5 6. Nc3 Qxd4 7. Nxd4 a6 8. e4 e5 9. Nb3 Be6 10. f3 Nc6 11.
Be3 Nb4 12. Kf2 Nc2 13. Rc1 Nxe3 14. Kxe3 b5 15. Bd3 Bd6 16. Ne2 Ke7 17. Rc2 Rhc8 18. Rhc1 Rxc2 19. Rxc2 Nd7 20. Nc3 Nb6 21. Ke2 Bb4 22. Nd2 g6 23. a3 Bd6 24. Nf1 Nc4 25. Ne3 Nxe3 26. Kxe3 Bc5+ 27. Ke2 Kd6 28. Nd5 Ra7 29. Ne3 Bd4 30. g3 Bb3 31. Rd2 Kc5 32.
Bc2 Be6 33. b4+ Kc6 34. f4 a5 35. f5 Bc4+ 36. Bd3 Bb3 37. Nd5 gxf5 38. Nf6 Bc3 39. Bc2 Bc4+ 0-1

[Event "Late-Titled-Tuesday-Blitz-May-14-2024"]
[Site "Chess.com"]
[Date "2024.05.14"]
[Round "11"]
[White "howitzer14"]
[Black "RespectfulDaveOnYouTube"]
[Result "0-1"]
[WhiteElo "2984"]
[BlackElo "2540"]
[TimeControl "180+1"]
[EndTime "16:03:45 PDT"]
[Termination "RespectfulDaveOnYouTube won by resignation"]

1. e4 e5 2. Bc4 Nf6 3. Nc3 Nxe4 4. Qh5 Nd6 5. Bb3 Be7 6. Nf3 Nc6 7.
d4 O-O 8. dxe5 g6 9. Qh3 Nf5 10.
g4 Nfd4 11. Nxd4 Nxd4 12. Bh6 Re8 13. O-O-O Nxb3+ 14. axb3 d6 15. f4 a5 16. Kb1 a4 17. bxa4 b5 18. axb5 Be6 19. f5 Bc4 20. b3 Ra3 21. Kb2 d5 22. bxc4 d4 23. Rd3 Bb4 24.
Ra1 Rxa1 25. Kxa1 Qa8+ 26. Kb2 Qa3+ 27. Kb1 Bxc3 28. Rxc3 dxc3 29. Bc1 Qb4+ 0-1

[Event "Late-Titled-Tuesday-Blitz-May-14-2024"]
[Site "Chess.com"]
[Date "2024.05.14"]
[Round "11"]
[White "zajka-molotok"]
[Black "NajdorfPlayerc5"]
[Result "1-0"]
[WhiteElo "2557"]
[BlackElo "2412"]
[TimeControl "180+1"]
[EndTime "16:03:45 PDT"]
[Termination "zajka-molotok won on time"]

1. b3 e5 2. Bb2 Nc6 3. e3 Nf6 4. Nf3 Bd6 5. d4 exd4 6. Nxd4 Nxd4 7. Qxd4 O-O 8. Nc3 Re8 9. O-O-O Be5 10. Qd3 d6 11. f4 Bxc3 12. Qxc3 Bg4 13. Rd5 Qe7 14. Rg5 Kh8 15. Rxg4 Rg8 16. Rg5 Ne4 17. Qxg7+ Rxg7 18. Bxg7+ Kg8 19. Bf6+ Nxg5 20. Bxe7 Ne4 21. Bd3 Nf2 22.
Rf1 Nxd3+ 23. cxd3 Re8 24. Bf6 Rxe3 25. Rf3 Re2 26.
Rg3+ Kf8 27. a4 a6 28. Kd1 Rf2 29.
Bg5 b5 30. axb5 axb5 31. Re3 h5 32. Re2 Rf1+ 33. Kd2 Rb1 34. Kc2 Rh1 35. h4 Rf1 36.
Kd2 Kg7 37. b4 Rb1 38. Re7 Rxb4 39. Rxc7 Rb2+ 40. Ke3 Rxg2 41. Rd7 Rb2 42. Rxd6 Rb1 43.
Rb6 b4 44. Kd2 b3 45. Kc3 Rc1+ 46. Kb2 Rc2+ 47. Kxb3 Rd2 48. Kc3 Rd1 49. d4 Rf1 50.
d5 Rd1 51. Kc4 Rc1+ 52. Kd4 Rd1+ 53. Ke5 Re1+ 54. Kd6 f6 55. Kd7 fxg5 56. fxg5 Re4 57. d6 Rxh4 58. Kd8 Kg6 59. Rb5 Rd4 60. d7 h4 61. Ke7 h3 62. d8=Q Rxd8 63. Kxd8 h2 64.
Rb1 Kxg5 65. Rh1 Kg4 66. Rxh2 1-0

[Event "Late-Titled-Tuesday-Blitz-May-14-2024"]
[Site "Chess.com"]
[Date "2024.05.14"]
[Round "11"]
[White "Hamisandwich"]
[Black "maximnovik"]
[Result "1-0"]
[WhiteElo "2754"]
[BlackElo "2591"]
[TimeControl "180+1"]
[EndTime "16:03:48 PDT"]
[Termination "Hamisandwich won by resignation"]

1. c3 e5 2. d4 Nc6 3. d5 Nce7 4. e4 Ng6 5. Be3 Nf6 6. f3 Nh5 7. Ne2 Be7 8. Qd2 O-O 9. c4 d6 10. Nbc3 Nhf4 11. Ng3 Nh4 12. O-O-O f5 13. exf5 Nxf5 14. Nxf5 Bxf5 15. g3 Ng6 16. Be2 c6 17. h4 Bf6 18.
dxc6 bxc6 19. Qxd6 Qc8 20. h5 Rd8 21. Qa3 Nf8 22. g4 Ne6 23. Rxd8+ Qxd8 24. gxf5 Nd4 25. h6 Nxf5 26. Bd2 Bg5 27. Ne4 Bxd2+ 28. Nxd2 Nxh6 29. Qd3 Qf6 30. Qe4 Nf5 31. Bd3 g6 32. Re1 Rd8 33. Bc2 Qg5 34. Qe2 Rd4 35. Bxf5 gxf5 36. Qe3 Qg2 37. Rg1 1-0

[Event "Late-Titled-Tuesday-Blitz-May-14-2024"]
[Site "Chess.com"]
[Date "2024.05.14"]
[Round "11"]
[White "Stanbad1"]
[Black "Redzishchess"]
[Result "1/2-1/2"]
[WhiteElo "2602"]
[BlackElo "2503"]
[TimeControl "180+1"]
[EndTime "16:03:48 PDT"]
[Termination "Game drawn - insufficient material"]

1. d4 Nf6 2. Nc3 d5 3. Bf4 g6 4. e3 Bg7 5. h4 h5 6. Nf3 O-O 7. Ne5 c5 8. Qd2 Nc6 9. f3 Be6 10. Bb5 cxd4 11. exd4 Qb6 12. Bxc6 bxc6 13. Na4 Qd8 14.
Nc5 Qc8 15. c3 Bf5 16. O-O Nd7 17. Nexd7 Bxd7 18. Rfe1 Re8 19. b4 Bf5 20. Be5 Bf6 21. Bxf6 exf6 22. Qf4 Rxe1+ 23. Rxe1 Qf8 24. g4 Re8 25.
Rxe8 Qxe8 26. Kf2 hxg4 27. fxg4 Bb1 28. Qxf6 Bxa2 29. h5 Bc4 30. Qe5 Qxe5 31. dxe5 gxh5 32. gxh5 Kg7 33. Kg3 Kh6 34. Kh4 Be2 35. Nd7 Bxh5 36. Nb8 d4 37. cxd4 Bf3 38. Kg3 Bd5 39. Kf4 Kg6 40. Na6 Kg7 41. Nc7 Bc4 42. Ke4 Kf8 43. d5 cxd5+ 44. Nxd5 Bxd5+ 45. Kxd5 Ke7 46. Kd4 Ke6 47.
Ke4 a6 48. Kd4 Kf5 49. Kd5 Kf4 50. Kd4 Kf5 51. Kd5 Kf4 52. e6 fxe6+ 53. Kxe6 Ke4 54. Kd6 Kd4 55. Kc6 Kc4 56. Kb6 Kxb4 57. Kxa6 1/2-1/2

[Event "Late-Titled-Tuesday-Blitz-May-14-2024"]
[Site "Chess.com"]
[Date "2024.05.14"]
[Round "11"]
[White "Mbneu"]
[Black "Love7Unicorn"]
[Result "1/2-1/2"]
[WhiteElo "2285"]
[BlackElo "2500"]
[TimeControl "180+1"]
[EndTime "16:03:51 PDT"]
[Termination "Game drawn by repetition"]

1. d4 Nf6 2. c4 e6 3. Nc3 Bb4 4.
Bg5 h6 5. Bh4 b6 6. e3 Bb7 7.
Nf3 g5 8. Bg3 Bxc3+ 9. bxc3 d6 10.
Bd3 Ne4 11. Qc2 f5 12. O-O Nd7 13. Nd2 Nxd2 14. Qxd2 O-O 15. f3 Qf6 16. e4 f4 17.
Bf2 e5 18. a4 a5 19. Rab1 Bc6 20. Bc2 Rae8 21. Qd3 h5 22. c5 Kg7 23. cxd6 Qxd6 24. dxe5 Qxd3 25. Bxd3 Bxa4 26. Bd4 c5 27. e6+ cxd4 28.
exd7 Bxd7 29. cxd4 Rb8 30. Bb5 Rfd8 31. Rfc1 Bxb5 32.
Rxb5 Rxd4 33. Rxg5+ Kh6 34. Rf5 a4 35. Rc6+ Kg7 36. Rc7+ Kg6 37. Rc6+ Kg7 38. Rc7+ Kg8 39. Rg5+ Kf8 40. Rxh5 Kg8 41. Rg5+ Kf8 42. Rh5 Kg8 43. Rg5+ Kf8 44. Rh5 1/2-1/2

[Event "Late-Titled-Tuesday-Blitz-May-14-2024"]
[Site "Chess.com"]
[Date "2024.05.14"]
[Round "11"]
[White "TigrVShlyape"]
[Black "Kildepiotr"]
[Result "1-0"]
[WhiteElo "2938"]
[BlackElo "2746"]
[TimeControl "180+1"]
[EndTime "16:03:55 PDT"]
[Termination "TigrVShlyape won by resignation"]

1. e4 e6 2. d4 d5 3. Nc3 Bb4 4. e5 b6 5. Qg4 Bf8 6. Nf3 Ne7 7. Bd3 Ba6 8. O-O Bxd3 9. cxd3 Nf5 10. Ne2 c5 11. dxc5 bxc5 12. Ng3 g6 13. Bg5 Be7 14. Rfc1 Nd7 15. Nxf5 gxf5 16. Qh5 h6 17. Bxe7 Qxe7 18.
d4 Rc8 19. Rc3 c4 20. b3 Nb6 21. Rac1 Kd7 22. g3 cxb3 23. axb3 Rxc3 24. Rxc3 Na8 25.
Rc5 Nc7 26. Kg2 Kc8 27. Ne1 Kb7 28. Nd3 Na6 29. Rb5+ Ka8 30. Ra5 Qb7 31. Ra1 Rc8 32. Qxh6 Qxb3 33. Qe3 Nb4 34. Nxb4 Qxb4 35. h4 a5 36. Qa3 Qxa3 37. Rxa3 Rc4 38. Rxa5+ Kb7 39. h5 Rxd4 40. h6 Rc4 41. Kf3 Rc8 42. Ra4 Rh8 43.
Rh4 Kc6 44. Kf4 Kd7 45. Kg5 Ke7 46. h7 f6+ 47. exf6+ Kf7 48. f4 d4 49. Rh1 d3 50.
Rh2 e5 51. fxe5 f4 52. Kxf4 Ke6 53. g4 1-0

[Event "Late-Titled-Tuesday-Blitz-May-14-2024"]
[Site "Chess.com"]
[Date "2024.05.14"]
[Round "11"]
[White "vpsetter"]
[Black "volcanoexplorer"]
[Result "1-0"]
[WhiteElo "2582"]
[BlackElo "2707"]
[TimeControl "180+1"]
[EndTime "16:03:55 PDT"]
[Termination "vpsetter won by checkmate"]

1. Nf3 Nf6 2. c4 e6 3. Nc3 d5 4. e3 b6 5. cxd5 exd5 6. b3 Bb7 7. Bb2 Be7 8. Be2 O-O 9. O-O Re8 10. Rc1 a6 11. Re1 Nbd7 12. Bf1 Nc5 13. d3 a5 14.
Qc2 Bf8 15. d4 Nce4 16. Nxe4 dxe4 17. Qxc7 exf3 18. Qxb7 Bb4 19. Red1 Ne4 20. gxf3 Qg5+ 21. Bg2 Nxf2 22. f4 Qh4 23. Rf1 Ng4 24. h3 Nxe3 25.
Rf2 Rab8 26. Qf3 Rbd8 27. f5 Bd6 28. d5 Bg3 29. Re2 Bf4 30. Rc4 Nxg2 31. Rxe8+ Rxe8 32. Kxg2 Qg5+ 33. Qg4 Re2+ 34. Kf3 Re3+ 35. Kf2 Bg3+ 36.
Kg2 Qd8 37. Qxg7# 1-0

[Event "Late-Titled-Tuesday-Blitz-May-14-2024"]
[Site "Chess.com"]
[Date "2024.05.14"]
[Round "11"]
[White "noret"]
[Black "mfschulz"]
[Result "1-0"]
[WhiteElo "2145"]
[BlackElo "2244"]
[TimeControl "180+1"]
[EndTime "16:03:56 PDT"]
[Termination "noret won by resignation"]

1. e4 g6 2. d4 Bg7 3. Nf3 c6 4. c4 d5 5. cxd5 cxd5 6. e5 Nc6 7. Nc3 Bg4 8. Be2 e6 9. O-O Nge7 10. Be3 O-O 11. Qd2 Nf5 12. h3 Bxf3 13. Bxf3 a6 14. Rad1 b5 15. Bg5 Qb6 16. Ne2 h6 17. Bf4 g5 18.
Bh2 Rac8 19. g4 Nh4 20. Bh1 Ng6 21. f4 gxf4 22. Nxf4 Nxf4 23. Bxf4 Kh7 24. Be3 Na5 25.
b3 Nc6 26. Bf3 Qa5 27. Qf2 Ne7 28. Be2 Ng6 29. h4 Rc2 30. h5 Qxa2 31. Ra1 Qb2 32.
Rfb1 Rxe2 33. Rxb2 Rxf2 34. hxg6+ fxg6 35. Rxf2 Ra8 36. Rf7 Kg8 37. Rc7 Bf8 38. Rf1 a5 39. Rff7 a4 40. bxa4 bxa4 41. Ra7 Rxa7 42. Rxa7 a3 43. Bc1 h5 44. Bxa3 Bxa3 45. Rxa3 hxg4 46. Ra7 1-0

[Event "Late-Titled-Tuesday-Blitz-May-14-2024"]
[Site "Chess.com"]
[Date "2024.05.14"]
[Round "11"]
[White "gamboajp"]
[Black "simaopdias"]
[Result "0-1"]
[WhiteElo "2037"]
[BlackElo "2213"]
[TimeControl "180+1"]
[EndTime "16:03:58 PDT"]
[Termination "simaopdias won on time"]

1. c4 Nf6 2. Nc3 e6 3. e4 d6 4. d4 Be7 5. f4 O-O 6. Nf3 c5 7. Be2 cxd4 8. Nxd4 Nc6 9. Nc2 d5 10. cxd5 exd5 11. exd5 Nb4 12. Bf3 Bf5 13. Nxb4 Bxb4 14. O-O Re8 15. Qb3 Qd6 16. Kh1 Rac8 17. Nb5 Qf8 18. a3 Ba5 19. Nxa7 Ra8 20. Nb5 Rec8 21. d6 Be4 22. Bxe4 Nxe4 23. Qd5 Nf6 24. Qf5 Qd8 25. Be3 Bb6 26. Bxb6 Qxb6 27. Rac1 Rd8 28. Rfe1 h6 29.
h3 Ra5 30. Rc5 Rxd6 31. Rc8+ Rd8 0-1

[Event "Late-Titled-Tuesday-Blitz-May-14-2024"]
[Site "Chess.com"]
[Date "2024.05.14"]
[Round "11"]
[White "Rud_Makarian"]
[Black "Aygehovit1992"]
[Result "1-0"]
[WhiteElo "2955"]
[BlackElo "2836"]
[TimeControl "180+1"]
[EndTime "16:03:59 PDT"]
[Termination "Rud_Makarian won on time"]

1. d4 Nf6 2. c4 g6 3. Nc3 Bg7 4. e4 d6 5. Be2 O-O 6. Be3 Na6 7.
Nf3 e5 8. O-O Qe7 9. Nd5 Qd8 10.
Nc3 Qe7 11. Nd5 Qd8 12. dxe5 dxe5 13. Qc2 c6 14. Nxf6+ Qxf6 15. Rfd1 Bg4 16. h3 Bxf3 17. Bxf3 Rfd8 18. a3 h5 19. b4 Nc7 20. Rxd8+ Qxd8 21. Rd1 Qe8 22. h4 Ne6 23. g3 Nd4 24. Bxd4 exd4 25. Bg2 a5 26. Qb3 axb4 27. axb4 Qd7 28. Kh2 b6 29. f4 c5 30. e5 Ra7 31. bxc5 bxc5 32. Rb1 Bf8 33. Bd5 Kg7 34. Qc2 Qg4 35. Rb3 Be7 36. Qg2 Bxh4 37. Bf3 Bxg3+ 38. Qxg3 Ra2+ 39. Bg2 Qe2 40. f5 Kh6 41. e6 g5 42. exf7 Qe7 43.
Rb7 Qf6 44. Qb8 g4 45. f8=Q+ 1-0